AoeStats
← Roushwant4227

Coastal Forest

503519550Analyzed
3v3 RM · 1mo ago on Sep 1, 2026· 33m 35s· 6 players
Game mode
Random Map
Map size
Normal (6 player)
Population
200
Speed
Normal
Resources
Standard
Victory
Conquest
Starting age
Dark Age
Ending age
Imperial Age
RankedLock teamsTeams togetherTeam positionsShared explorationLock speedFull tech treeHidden civsTurbo modeCheats
Victory
Defeat
🇲🇽 Mongols · Mexico
1066
+12
🇲🇽 Byzantines · Mexico
1003
+14
🇲🇽 Shu · Mexico
992
+15
🇪🇸 Gurjaras · Spain
996
-15
🇻🇳 Byzantines · Vietnam
959
-13
🇺🇸 Georgians · United States
953
-13
Roushwant4227
5:32 Loom
9:43 Feudal Age
10:32 Double-Bit Axe
19:29 Bloodlines
24:56 Castle Age
longkaka
0:44 Loom
12:49 Feudal Age
13:20 Double-Bit Axe
Hazardus Chemikals
6:56 Loom
10:36 Feudal Age
16:55 Castle Age
18:25 Horse Collar
wpuppet
1:58 Loom
11:47 Feudal Age
12:28 Double-Bit Axe
13:35 Horse Collar
20:39 Castle Age
20:23 Forging
20:04 Fletching
25:05 Scale Barding Armor
27:04 Chain Barding Armor
30:13 Wheelbarrow
32:58 Hand Cart
33:31 Gold Mining
33:31 Stone Mining
the_ripper
6:46 Loom
9:42 Feudal Age
10:57 Double-Bit Axe
14:05 Town Watch
16:09 Horse Collar
19:39 Castle Age
19:12 Bloodlines
18:53 Fletching
19:55 Gold Mining
21:27 Husbandry
22:13 Gold Shaft Mining
26:28 Town Watch
26:51 Bodkin Arrow
28:43 Padded Archer Armor
28:54 Thumb Ring
31:35 Bow Saw
31:28 Heavy Plow
ASanvel
5:44 Loom
13:18 Feudal Age
18:43 Castle Age
17:19 Wheelbarrow
16:30 Town Watch
17:09 Double-Bit Axe
17:06 Horse Collar
17:20 Gold Mining
18:08 Fishing Lines
19:18 Forging
21:46 Hand Cart
21:32 Town Patrol
23:02 Bow Saw
23:33 Gold Shaft Mining
26:30 Gillnets
27:56 Fletching
32:19 Stone Mining
Connection lost

Rejoining the realm…

Still unreachable

The connection could not be restored.

Session expired

The server has moved on; the page needs a fresh start.